 Dungeon Crawl Stone Soup version 0.31.0-11-ge490571c62 (webtiles) character file.

Game seed: 9900877497240632109

56 qw the Shooter (level 3, 0/20 HPs)
             Began as a Deep Elf Hunter on Feb 4, 2024.
             Slain by a ribbon worm (3 damage)
             ... on level 2 of the Dungeon.
             The game lasted 00:00:03 (1469 turns).

qw the Shooter (Deep Elf Hunter)                    Turns: 1469, Time: 00:00:04

Health: 0/20       AC:  6    Str: 10    XL:     3   Next: 69%
Magic:  5/5        EV:  9    Int: 13    God:
Gold:   66         SH:  0    Dex: 18    Spells: 2/2 levels left

rFire   . . .        a - +0 shortbow
rCold   . . .        (shield currently unavailable)
rNeg    . . .        e - +0 scale mail
rPois   .            (no helmet)
rElec   .            (no cloak)
rCorr   .            (no gloves)
SInv    .            (no boots)
Will    .....        (no amulet)
Stlth   +            (no ring)
HPRegen 0.23/turn    (no ring)
MPRegen 0.09/turn

%: no passive effects
@: no status effects
A: no striking features
a: no special abilities


You were on level 2 of the Dungeon.
You visited 1 branch of the dungeon, and saw 2 of its levels.

You collected 66 gold pieces.


   Skills:
 - Level 1.5 Fighting
 + Level 7.2 Ranged Weapons
 - Level 2.4 Dodging
 - Level 1.2 Stealth


You had 2 spell levels left.
You didn't know any spells.
Your spell library was empty.

Inventory:

Hand Weapons
 a - a +0 shortbow (weapon)
Armour
 e - a +0 scale mail (worn)
Scrolls
 b - a scroll of identify
 c - a scroll of amnesia {unknown}

Dungeon Overview and Level Annotations

Branches:
Dungeon (2/15)

Altars:

Annotations:
D:2 Robin


Message History

The goblin shouts!
The arrow hits the ribbon worm but does no damage.
The ribbon worm is lightly wounded.
The ribbon worm bites you. The goblin hits you but does no damage.
Robin throws the goblin at you! The ribbon worm closely misses you.
You shoot an arrow.
The arrow barely misses the ribbon worm.
The goblin closely misses you.
A goblin comes into view. It is wielding a +0 club.
The goblin misses you. The ribbon worm barely misses you.
Robin roars a battlecry!
The goblins go into a battle-frenzy!
You shoot an arrow. The arrow closely misses Robin.
The arrow hits the goblin.
You kill the goblin!
Robin hits you with a +0 short sword. The goblin barely misses you.
A goblin comes into view. It is wielding a +0 dagger.
The ribbon worm bites you.
You shoot an arrow. The arrow hits Robin.
Robin is lightly wounded.
The goblin hits you with a +0 dagger. Robin barely misses you.
The ribbon worm bites you but does no damage.
You shoot an arrow. The arrow barely misses Robin.
The arrow barely misses the goblin.
The arrow hits the goblin!
You kill the goblin!
Robin barely misses you. The goblin hits you but does no damage.
A goblin comes into view. It is wielding a +0 dagger.
The ribbon worm bites you. Robin barely misses you.
The goblin hits you but does no damage.
You shoot an arrow. The arrow hits Robin.
Robin is moderately wounded.
Robin hits you but does no damage. The goblin hits you but does no damage.
The ribbon worm bites you but does no damage.
You shoot an arrow. The arrow hits Robin.
Robin is heavily wounded.
The goblin hits you but does no damage. The ribbon worm barely misses you.
You shoot an arrow.
The arrow hits Robin but does no damage.
Robin is heavily wounded.
The goblin hits you with a +0 dagger. The ribbon worm bites you.
You die...

#..... #.#### #.# #.#
#.# ##.#### ###.....
########################
.).)ggg@g.........###
######w####.#####.## ...
#.# #.# ..#.. #.# #.# ##
#.. #.# #.# #.# #.#
#.###### #. #.# #.#.#.#.
.. #.# ##...#.#. #.#
#......#.


You could see a ribbon worm, Robin and 3 goblins.

Vanquished Creatures
  3 adders (D:2)
  2 endoplasms (D:1)
  6 goblins
  A hobgoblin (D:1)
  4 jackals (D:2)
  2 kobolds (D:1)
  A quokka (D:1)
  4 ball pythons
  4 bats
  A frilled lizard (D:2)
  A rat (D:1)
29 creatures vanquished.

Notes
Turn   | Place    | Note
-------+----------+-------------------------------------------
     0 | D:1      | qw the Deep Elf Hunter began the quest for the Orb.
     0 | D:1      | Reached XP level 1. HP: 12/12 MP: 3/3
     0 | D:1      | 0 ||| qw: Version: 0.3-a-160-g6735b56
     0 | D:1      | 0 ||| qw: Game counter: 5197
     0 | D:1      | 0 ||| qw: Melee chars always use a shield: true
     0 | D:1      | 0 ||| qw: God list: Okawaru
     0 | D:1      | 0 ||| qw: Allow faded altars: false
     0 | D:1      | 0 ||| qw: Do Orc after clearing Dungeon:15 true
     0 | D:1      | 0 ||| qw: Do second Lair branch before Depths: true
     0 | D:1      | 0 ||| qw: Lair rune preference: random
     0 | D:1      | 0 ||| qw: Goals: Normal
     0 | D:1      | 0 ||| PLANNING D:1-11
   428 | D:1      | Reached XP level 2. HP: 16/16 MP: 4/4
   694 | D:1      | Reached skill level 6 in Ranged Weapons
   881 | D:1      | 881 ||| UPGRADING to +0 scale mail.
   891 | D:1      | 891 ||| DROPPING +0 leather armour.
   892 | D:1      | 892 ||| READING 3 scrolls labelled ONKOZI LEXUAMP.
   892 | D:1      | 892 ||| IDENTIFYING murky black potion
   893 | D:1      | 893 ||| READING 2 scrolls of identify.
   893 | D:1      | 893 ||| IDENTIFYING scroll labelled DEASKAIWON
   894 | D:1      | 894 ||| DROPPING scroll of butterflies.
   895 | D:1      | 895 ||| DROPPING scroll of torment.
   896 | D:1      | 896 ||| DROPPING potion of degeneration.
  1100 | D:2      | Reached XP level 3. HP: 13/20 MP: 5/5
  1279 | D:2      | 1279 ||| READING scroll of identify.
  1279 | D:2      | 1279 ||| IDENTIFYING glowing grey potion
  1311 | D:2      | Reached skill level 7 in Ranged Weapons
  1344 | D:2      | 1344 ||| READING scroll labelled IDGHESS COCOPAI.
  1345 | D:2      | 1345 ||| DROPPING potion of ambrosia.
  1457 | D:2      | Noticed Robin
  1466 | D:2      | HP: 3/20 [ribbon worm (6)]
  1469 | D:2      | Slain by a ribbon worm

Levels and vault maps discovered:
D:1:      dpeg_cavernosity, layout_basic
D:2:      minmay_evil_eye, layout_basic, serial_co_window_serial,
          co_window_cross_1, co_window_paths_b, co_window_paths_b,
          co_window_paths_b, co_window_of_opportunity_a, co_window_corner_cb,
          co_window_of_opportunity_b, co_window_cross_2,
          co_window_of_opportunity_c, co_window_2corner,
          co_window_unsneaky_path_b, co_window_of_opportunity_b,
          co_window_paths_d, co_window_4corner_b, glass_columns_c, serial_shops,
          nicolae_shop_trees, uniq_robin, uniq_terence, uniq_sigmund

Skill      XL: |  1  2  3 |
---------------+----------+-----
Ranged Weapons | 6 7 |  7.2
Fighting       | |  1.5
Dodging        | |  2.4
Stealth        | |  1.2

Action                     || total
---------------------------++-------
   Fire: Shortbow          ||    83
    Use: Scroll            ||     4
 Armour: Scale mail        ||    31
         Leather armour    ||     2
  Dodge: Dodged            ||    34

Table legend:
 A = Non-vault XP
 B = Vault XP
 C = Vault XP percentage of total XP
 D = Non-vault monster count
 E = Vault monster count
 F = Vault count percentage of total count
                 A         B        C        D         E       F
            +---------+---------+-------+---------+---------+-------
      Total |      68 |      12 |  15.0 |      21 |       8 |  27.6
            +---------+---------+-------+---------+---------+-------
        D:1 |      16 |       5 |  23.8 |      11 |       4 |  26.7
        D:2 |      52 |       7 |  11.9 |      10 |       4 |  28.6
            +---------+---------+-------+---------+---------+-------
